 Dungeon Sprint DCSS version 0.27-a0-1202-ge72e49191c (webtiles) character file.

Game seed: 9119259800002456130

634 mhtbhm the Thaumaturge (level 7, -1/37 HPs)
             Began as a Deep Elf Earth Elementalist on June 3, 2021.
             Was a Follower of Vehumet.
             Slain by a vampire (8 damage)
             ... in the Dungeon (Sprint IX: "|||||||||||||||||||||||||||||").
             The game lasted 00:01:52 (471 turns).

mhtbhm the Thaumaturge (Deep Elf Earth Elementalist) Turns: 471, Time: 00:01:52

Health: -1/37      AC:  6    Str:  5    XL:     7   Next: 24%
Magic:  21/25      EV: 16    Int: 22    God:    Vehumet [*.....]
Gold:   0          SH:  0    Dex: 15    Spells: 16/31 levels left

rFire    . . .     SeeInvis .   k - +0 lajatang
rCold    . . .     Faith    .   (shield currently unavailable)
rNeg     . . .     Spirit   .   c - +0 robe
rPois    .         Reflect  .   l - +0 helmet
rElec    .         Harm     .   (no cloak)
rCorr    .         Rampage  .   m - +0 pair of gloves
Will     .....     NoTele   +   (no boots)
Stlth    +++.......             (no amulet)
HPRegen  0.12/turn              n - +2 ring of evasion
MPRegen  0.19/turn              o - +2 ring of protection

@: no status effects
A: no striking features
a: Renounce Religion


You were in the Dungeon.
You worshipped Vehumet.
Vehumet was aware of your devotion.
You visited 1 branch

Inventory:

Hand Weapons
 k - a +0 lajatang (weapon)
Missiles
 b - 7 stones
Armour
 c - a +0 robe (worn)
 l - a +0 helmet (worn)
 m - a +0 pair of gloves (worn)
Jewellery
 n - a +2 ring of evasion (left hand)
 o - a +2 ring of protection (right hand)
Wands
 j - a wand of acid (10)
Scrolls
 f - 2 scrolls of amnesia
 i - 2 scrolls of blinking
Potions
 a - a potion of invisibility
 d - 5 potions of curing
 g - a potion of magic
 h - a potion of berserk rage


   Skills:
 + Level 0.8 Fighting
 + Level 5.9 Dodging
 + Level 4.3 Stealth
 + Level 12.8 Spellcasting
 + Level 1.2 Transmutations
 + Level 12.1 Earth Magic


You had 16 spell levels left.
You knew the following spells:

 Your Spells              Type           Power      Damage    Failure   Level
a - Sandblast             Erth           100%       2d20      1%          1
b - Passwall              Tmut/Erth      35%        N/A       1%          2
c - Stone Arrow           Conj/Erth      80%        3d12      1%          3
d - Lee's Rapid Deconstr  Erth           30%        3d17*     1%          5
e - Petrify               Tmut/Erth      43%        N/A       3%          4

Your spell library contained the following spells:

 Spells                   Type           Power      Damage    Failure   Level
 Foxfire                  Conj/Fire      56%        2x1d6     4%          1


Dungeon Overview and Level Annotations

Branches:
Dungeon (1/1)

Altars:
Cheibriados
Dithmenos
Elyvilon
Fedhas
Gozag
Hepliaklqana
Kikubaaqudgha
Makhleb
Nemelex Xobeh
Okawaru
Qazlal
Ru
Sif Muna
Trog
Uskayaw
Vehumet
Wu Jian
Xom
Yredelemnul
Zin
The Shining One
Beogh
Jiyva
Lugonu


Message History

The troll closely misses you. The troll completely misses you.
Unknown command.
Casting: Lee's Rapid Deconstruction (quite dangerous; 1% risk of failure)
Confirm with . or Enter, or press ? or * to list all spells.
The spell is quite dangerous to cast (1% risk of failure)!
Continue anyway?
Aiming: Lee's Rapid Deconstruction (quite dangerous; 1% risk of failure)
Press: ? - help, Dir - move target An open door to the Temple.
The stone door frame shatters!
The blast of rock fragments hits something but does no damage.
The blast of rock fragments hits the troll!!
You kill the troll!
Vehumet accepts your kill.
You can now gain magical power from killing.
Vehumet offers you knowledge of Foxfire.
The troll leather armour is intact enough to wear.
The blast of rock fragments hits the killer bee!
You kill the killer bee!
Vehumet accepts your kill.
Your Spellcasting skill increases to level 12!
Your Earth Magic skill increases to level 12!
You have reached level 7!
Casting: Lee's Rapid Deconstruction (dangerous; 1% risk of failure)
Confirm with . or Enter, or press ? or * to list all spells.
Aiming: Petrify (dangerous; 3% risk of failure)
Press: ? - help, Shift-Dir - straight line, f - troll
Aim: a troll (chance to affect: 69%) Nothing appears to happen.
You hear some strange, mumbled words.
Something tries to affect you, but you resist.
Unknown command.
You feel much better. Something hits you but does no damage.
Something bites you.
Something draws strength from your injuries!
Something hits you. Something bites you but does no damage.
There is an open door here.
Magic courses through your body. Something hits you!
* * * LOW HITPOINT WARNING * * *
Something bites you!
You die...

▓<▓
▓.▓
▓.▓
▓.▓
▓)▓
▓÷▓
▓.▓
▓.▓
▓@▓
▓.▓
▓T▓
▓.▓
▓.▓
▓.▓
▓.▓
▓[▓
▓'▓


You could see a troll.

Vanquished Creatures
  A troll (D)
  A wraith (D)
  An orc warrior (D)
  A scorpion (D)
  A killer bee (D)
  A jelly (D)
  2 hounds (D)
  An orc (D)
  A bat (D)
  An endoplasm (D)
  A jackal (D)
  A quokka (D)
  A ball python (D)
14 creatures vanquished.

Notes
Turn   | Place    | Note
-------+----------+-------------------------------------------
     0 | D        | mhtbhm the Deep Elf Earth Elementalist began the quest for
                  | the Orb.
     0 | D        | Reached XP level 1. HP: 10/10 MP: 6/6
   181 | D        | Noticed a jelly
   181 | D        | Noticed a scorpion
   181 | D        | Noticed a hound
   181 | D        | Noticed a hound
   184 | D        | Killed a jelly
   185 | D        | Reached skill level 5 in Spellcasting
   185 | D        | Reached skill level 5 in Earth Magic
   185 | D        | Reached XP level 2. HP: 15/15 MP: 4/10
   185 | D        | Reached XP level 3. HP: 19/19 MP: 4/12
   199 | D        | Killed a scorpion
   200 | D        | Reached XP level 4. HP: 14/24 MP: 11/15
   204 | D        | Reached XP level 5. HP: 17/28 MP: 8/17
   336 | D        | Found a snail-covered altar of Cheibriados.
   336 | D        | Found a shadowy altar of Dithmenos.
   336 | D        | Found a white marble altar of Elyvilon.
   336 | D        | Found a blossoming altar of Fedhas.
   336 | D        | Found an opulent altar of Gozag.
   337 | D        | Found a hazy altar of Hepliaklqana.
   338 | D        | Found a viscous altar of Jiyva.
   339 | D        | Found an ancient bone altar of Kikubaaqudgha.
   340 | D        | Found a corrupted altar of Lugonu.
   341 | D        | Found a burning altar of Makhleb.
   342 | D        | Found a sparkling altar of Nemelex Xobeh.
   343 | D        | Found an iron altar of Okawaru.
   344 | D        | Found a stormy altar of Qazlal.
   345 | D        | Found a sacrificial altar of Ru.
   346 | D        | Found a shimmering blue altar of Sif Muna.
   347 | D        | Found a bloodstained altar of Trog.
   348 | D        | Found a hide-covered altar of Uskayaw.
   349 | D        | Found a radiant altar of Vehumet.
   350 | D        | Found an ornate altar of the Wu Jian Council.
   351 | D        | Found a shimmering altar of Xom.
   352 | D        | Found a basalt altar of Yredelemnul.
   353 | D        | Found a glowing silver altar of Zin.
   354 | D        | Found a glowing golden altar of the Shining One.
   357 | D        | Became a worshipper of Vehumet
   398 | D        | Learned a level 2 spell: Passwall
   402 | D        | Learned a level 3 spell: Stone Arrow
   408 | D        | Learned a level 5 spell: Lee's Rapid Deconstruction
   413 | D        | Learned a level 4 spell: Petrify
   413 | D        | Noticed an orc warrior
   413 | D        | Noticed a wraith
   413 | D        | Noticed a troll
   413 | D        | Noticed a vampire
   413 | D        | Noticed a troll
   429 | D        | Killed an orc warrior
   430 | D        | Reached skill level 5 in Dodging
   460 | D        | Killed a wraith
   461 | D        | Reached XP level 6. HP: 13/33 MP: 14/22
   462 | D        | Killed a troll
   462 | D        | Reached * piety under Vehumet
   462 | D        | Offered knowledge of Foxfire by Vehumet.
   463 | D        | Reached XP level 7. HP: 2/37 MP: 4/25
   471 | D        | Slain by a vampire

Illustrated notes

Levels and vault maps discovered:
D:        linesprint [early_d, line_temple, items_1, d_10, items_2, lair_1,
          lair_end, items_3, orc_1, orc_end, items_4, d_15, swamp_1, shoals_1,
          snake_1, spider_1, d_20, vaults_1, items_5, swamp_end, shoals_end,
          snake_end, spider_end, vaults_end, d_27, items_6, zot_1, zot_end,
          crypt_end, forest_end, elf_end, slime_end, tomb_end, abyss_end,
          pan_hell_end]

Skill      XL: |  1  2  3  4  5  6 |
---------------+-------------------+-----
Earth Magic    | 5 7 8 11 12 | 12.1
Spellcasting   | 5 7 8 11 12 | 12.8
Dodging        | 3 4 5 |  5.9
Stealth        | 3 4 |  4.3
Fighting       | |  0.8
Transmutations | |  1.2

Action                   |  1- 3 |  4- 6 |  7- 9 || total
-------------------------+-------+-------+-------++-------
 Cast: Sandblast         |    16 |     7 |       ||    23
       Lee's Rapid Decon |       |     6 |       ||     6
       Stone Arrow       |       |     1 |       ||     1
       Petrify           |       |       |     1 ||     1
  Use: Potion            |     2 |     3 |     2 ||     7
Armor: Robe              |       |     2 |     2 ||     4
Dodge: Dodged            |     5 |    12 |       ||    17

Table legend: (Time is in decaauts)
 A = Elapsed time spent in this place.
 B = Non-inter-level travel time spent in this place.
 C = Inter-level travel time spent in this place.
 D = Time resting spent in this place.
 E = Time spent auto-exploring this place.
 F = Levels seen in this place.
 G = Mean time per level.
                   A        B        C        D        E       F      G
               +--------+--------+--------+--------+--------+-----+--------+
         Total |    462 |    462 |      0 |    271 |      0 |   1 |  462.0 |
       Dungeon |    462 |    462 |      0 |    271 |      0 |   1 |  462.0 |
               +--------+--------+--------+--------+--------+-----+--------+

Top non-repeatable levels by time:
       D: 462 daAuts
